 Dungeon Crawl Stone Soup version 0.24.0-13-gcf9b3192b9 (webtiles) character file.

Game seed: 17334568012777659534, levelgen mode: deterministic

1997 sking99 the Magician (level 9, -1/76 HPs)
             Began as a Deep Elf Fire Elementalist on Nov 9, 2019.
             Was a Believer of Sif Muna.
             Slain by a phantom (2 damage)
             ... on level 6 of the Dungeon.
             The game lasted 00:17:11 (9161 turns).

sking99 the Magician (Deep Elf Fire Elementalist)   Turns: 9161, Time: 00:17:11

Health: -1/76      AC: 24    Str:  8      XL:     9   Next: 2%
Magic:  6/22       EV:  2    Int: 21      God:    Sif Muna [**....]
Gold:   204        SH:  0    Dex: 14 (15) Spells: 8/23 levels left

rFire    . . .     SeeInvis .   d - +0 lajatang
rCold    . . .     Gourm    .   (shield currently unavailable)
rNeg     + + +     Faith    .   (armour currently unavailable)
rPois    +         Spirit   .   (helmet currently unavailable)
rElec    .         Reflect  .   (cloak currently unavailable)
rCorr    .         Harm     .   (gloves currently unavailable)
MR       .....     NoTele   +   (boots currently unavailable)
Stlth    ++........             (no amulet)
HPRegen  0.22/turn              (no ring)
MPRegen  0.18/turn              (no ring)

@: tree-form (expiring), very slightly contaminated
A: no striking features
a: Channel Magic, Renounce Religion


You were on level 6 of the Dungeon.
You worshipped Sif Muna.
Sif Muna was pleased with you.
You were very hungry.
You were a tree.
You visited 1 branch of the dungeon, and saw 6 of its levels.

You collected 204 gold pieces.

Inventory:

Hand Weapons
 d - a +0 lajatang (weapon)
Armour
 a - a +1 robe
 q - a +0 pair of boots (melded)
 v - a +0 leather armour (melded)
Magical Staves
 t - an uncursed staff of cold
Scrolls
 b - 3 scrolls of enchant weapon
 h - a scroll of fog {unknown}
 j - 2 scrolls of remove curse {unknown}
 k - a scroll of random uselessness {unknown}
 l - 2 scrolls of enchant armour
 o - a scroll of immolation {unknown}
 p - a scroll of amnesia {unknown}
 u - a scroll of magic mapping {unknown}
 w - a scroll of noise {unknown}
Potions
 g - a potion of invisibility {unknown}
 i - a potion of resistance
 m - a potion of agility
 s - a potion of brilliance {unknown}
Comestibles
 c - 10 rations


   Skills:
 + Level 3.6 Fighting
 - Level 4.0 Dodging
 - Level 2.4 Stealth
 + Level 7.5 Spellcasting
 + Level 5.7 Conjurations
 + Level 6.7 Fire Magic
 + Level 5.2 Invocations


You had 8 spell levels left.
You knew the following spells:

 Your Spells              Type           Power        Failure   Level  Hunger
a - Flame Tongue          Conj/Fire      ####.        1%          1    None
b - Throw Flame           Conj/Fire      ####..       1%          2    None
c - Conjure Flame         Conj/Fire      ####....     1%          3    None
d - Sticky Flame          Conj/Fire      ####....     6%          4    ###....
e - Fireball              Conj/Fire      ####......   19%         5    #####..

Your spell library contained the following spells:

 Spells                   Type           Power        Failure   Level  Hunger
 Inner Flame              Hex/Fire       ###.....     6%          3    None
 Animate Skeleton         Necr           N/A          9%          1    None
 Apportation              Tloc           #.....       9%          1    None
 Confusing Touch          Hex            #.....       9%          1    None
 Summon Small Mammal      Summ           #...         9%          1    None


Dungeon Overview and Level Annotations

Branches:
Dungeon (6/15)             Temple (0/1) D:5

Altars:
Dithmenos
Gozag
Sif Muna
Trog
Uskayaw
Wu Jian
Xom


Message History

The orc looks frightened!
The howler monkey looks frightened!
The phantom hits you.
* * * LOW HITPOINT WARNING * * *
You hit the phantom.
The phantom is moderately damaged.
The phantom hits you.
* * * LOW HITPOINT WARNING * * *
You barely miss the phantom.
The phantom is moderately damaged.
Your transformation is almost over.
The phantom hits you but does no damage.
The phantom hits you.
* * * LOW HITPOINT WARNING * * *
The orc prays for help.
Unknown command.
Unknown command.
You are feeling very hungry.
Cornered, the howler monkey turns to fight!
The phantom hits you.
You die...

##.(##...8.
..##.##.##########
#....'h....
#'##..#............
#...(##....
#..##.##..##########
##..#'## )(##....#..#..#
#
#####..#####(....##.#..#
# #
#....##.W##..###.#..#
### #....'(((.#
###..#..# #..
##..##h...#####.##..#
#.# ######.o##..♣W..#..#
#.# ##(#..####.#..# #.#
#h(.## #....# #.# #####
##...# #.. ### #...# ###
..# #...# #.. #.# #...#
#.# #.# #...# #.. #)#
########..# ###


You could see a phantom and a howler monkey.

Vanquished Creatures
  Sigmund (D:4)
  Edmund (D:6)
  A sky beast (D:5)
  An ice beast (D:6)
  An ogre (D:6)
  3 centaurs
  Blork the orc (D:6)
  2 bullfrogs
  3 scorpions
  A crimson imp (D:6)
  A quasit (D:6)
  2 hounds
  3 orc priests
  3 orc wizards
  A bullfrog skeleton (D:4)
  A gnoll shaman (D:4)
  An iguana (D:5)
  9 worker ants
  7 gnolls (D:4)
  8 adders
  An adder skeleton (D:6)
  2 worms (D:3)
  4 dart slugs
  4 leopard geckos
  28 orcs
  3 giant cockroaches
  6 hobgoblins
  9 jackals
  5 kobolds
  3 quokkas
  A ball python (D:2)
  7 bats
  3 frilled lizards
  12 goblins
  4 rats (D:1)
143 creatures vanquished.

Notes
Turn   | Place    | Note
-------+----------+-------------------------------------------
     0 | D:1      | sking99 the Deep Elf Fire Elementalist began the quest for
                  | the Orb.
     0 | D:1      | Reached XP level 1. HP: 10/10 MP: 6/6
   337 | D:1      | Reached XP level 2. HP: 15/15 MP: 5/8
   376 | D:1      | Learned a level 2 spell: Throw Flame
  1003 | D:2      | Reached XP level 3. HP: 19/19 MP: 2/10
  1257 | D:2      | Found a bloodstained altar of Trog.
  1383 | D:2      | Found a shimmering altar of Xom.
  1402 | D:2      | Found a faded altar of an unknown god.
  1824 | D:2      | Found an opulent altar of Gozag.
  2077 | D:2      | Found a shimmering blue altar of Sif Muna.
  2079 | D:2      | Found a hide-covered altar of Uskayaw.
  2079 | D:2      | Found an ornate altar of the Wu Jian Council.
  2104 | D:2      | Became a worshipper of Sif Muna the Loreminder
  2118 | D:2      | Reached XP level 4. HP: 24/24 MP: 8/11
  2431 | D:2      | Learned a level 3 spell: Conjure Flame
  2436 | D:2      | Learned a level 4 spell: Sticky Flame
  2443 | D:3      | Reached skill level 4 in Spellcasting
  2822 | D:3      | Reached skill level 1 in Invocations
  3079 | D:3      | Reached XP level 5. HP: 28/28 MP: 6/13
  3378 | D:3      | Reached * piety under Sif Muna
  4394 | D:4      | Reached XP level 6. HP: 33/33 MP: 3/14
  4750 | D:4      | Reached skill level 1 in Fighting
  4864 | D:4      | Reached skill level 5 in Spellcasting
  5349 | D:4      | Reached XP level 7. HP: 38/38 MP: 12/16
  5376 | D:4      | Reached skill level 5 in Fire Magic
  5674 | D:4      | Noticed Sigmund
  5698 | D:4      | Killed Sigmund
  5799 | D:4      | Found a shadowy altar of Dithmenos.
  5874 | D:4      | Learned a level 5 spell: Fireball
  5945 | D:5      | Entered Level 5 of the Dungeon
  6068 | D:5      | Found a staircase to the Ecumenical Temple.
  6121 | D:5      | Reached ** piety under Sif Muna
  6187 | D:5      | Reached skill level 6 in Spellcasting
  6346 | D:5      | Reached XP level 8. HP: 42/45 MP: 10/19
  6950 | D:5      | HP: 2/45 [poisoned by a scorpion]
  7694 | D:6      | Noticed Edmund
  7707 | D:6      | Killed Edmund
  7707 | D:6      | Reached skill level 5 in Conjurations
  7979 | D:6      | Noticed Blork the orc
  7989 | D:6      | Killed Blork the orc
  8320 | D:6      | Reached skill level 7 in Spellcasting
  8568 | D:6      | Reached skill level 5 in Invocations
  9137 | D:6      | Reached XP level 9. HP: 12/51 MP: 11/22
  9145 | D:6      | HP: 2/51 [hound (5)]
  9159 | D:6      | HP: 2/76 [phantom (6)]
  9161 | D:6      | Slain by a phantom

Levels and vault maps discovered:
D:1:      matt_arrival_grand_opening, layout_basic, minmay_misc_feat_tiny,
          hangedman_decor_points
D:2:      layout_basic, lemuel_crystal_altar, nicolae_overflow_hidden_temple,
          chequers_temple_overflow_statue_of_worship, first_ration,
          chequers_ecumenical_altar_grove
D:3:      layout_rooms, chequers_serial_rivers_micro_a, grunt_decor_fettered
D:4:      layout_loops_corners, grunt_dithmenos_smoke, serial_glass,
          glass_columns_b, glass_columns_c, glass_columns_a, glass_columns_b,
          uniq_sigmund
D:5:      layout_basic, minmay_temple_entry_slanted
D:6:      minmay_bubble_buster, layout_basic, uniq_edmund, uniq_blork_the_orc

Skill      XL: |  1  2  3  4  5  6  7  8 |
---------------+-------------------------+-----
Dodging        | 3 4 |  4.0
Conjurations   | 2 3 4 5 |  5.7
Spellcasting   | 4 5 6 7 |  7.5
Fire Magic     | 4 5 6 |  6.7
Invocations    | 1 2 4 5 |  5.2
Fighting       | 1 2 3 |  3.6
Stealth        | |  2.4

Action                   |  1- 3 |  4- 6 |  7- 9 || total
-------------------------+-------+-------+-------++-------
Melee: Unarmed           |     2 |       |    14 ||    16
       Staff             |       |       |    61 ||    61
       Lajatang          |       |       |    22 ||    22
 Cast: Flame Tongue      |    39 |    94 |   106 ||   239
       Throw Flame       |    35 |    57 |    35 ||   127
       Conjure Flame     |       |     5 |     8 ||    13
       Sticky Flame      |       |       |    10 ||    10
Invok: Channel Magic     |       |       |     1 ||     1
  Use: Scroll            |       |     3 |     8 ||    11
       Potion            |       |       |     3 ||     3
  Eat: Chunk             |     4 |    11 |     9 ||    24
       Ration            |       |       |     1 ||     1
Armor: Robe              |    21 |     2 |    25 ||    48
       Leather armour    |       |       |    32 ||    32
       Skin              |       |       |    10 ||    10
Dodge: Dodged            |    41 |    15 |   133 ||   189
